 Dungeon Crawl Stone Soup version 0.29.1-15-g9cfb28693d (webtiles) character file.

Game seed: 11384702850151830412

10920 booth the Destroyer (level 11, -3/65 (73) HPs)
             Began as a Demonspawn Fire Elementalist on Mar 31, 2023.
             Was a High Priest of Jiyva.
             Slain by an ogre mage
             ... wielding a +0 halberd
              (20 damage)
             ... on level 11 of the Dungeon on Apr 1, 2023.
             The game lasted 01:05:40 (8075 turns).

booth the Destroyer (Demonspawn Fire Elementalist)  Turns: 8075, Time: 01:05:41

HP:   -3/65 (73)    AC:  5    Str: 16    XL:     11   Next: 42%
MP:   17/20         EV: 14    Int: 23    God:    Jiyva [*****.]
Gold: 70            SH:  0    Dex: 15    Spells: 1/22 levels left

rFire   . . .      SeeInvis .   d - +7 dagger of the Singing Hawk {flame, rElec Str+3 Int+4 Dex+2}
rCold   + . .      Faith    .   (no shield)
rNeg    . . .      Spirit   .   L - +2 robe {rC+}
rPois   +          Reflect  .   (helmet restricted)
rElec   +          Harm     .   D - scarf {repulsion}
rCorr   +          Rampage  .   (gloves unavailable)
Will    .....                   F - +0 pair of boots {Fly}
Stlth   +++++.....              (no amulet)
HPRegen 1.64/turn               (no ring)
MPRegen 0.62/turn               (no ring)

@: flying, heavily drained, repel missiles
A: claws 3, spiny 2, sturdy frame 2, horns 1, poison resistance, strong 1,
eyeballs 2, translucent skin 1, jelly sensing items, MP-powered wands
a: Renounce Religion, Oozemancy, Slimify


You were on level 11 of the Dungeon.
You worshipped Jiyva.
Jiyva was extremely pleased with you.
You visited 1 branch of the dungeon, and saw 11 of its levels.
You also visited: Sewer and Bailey.

You collected 310 gold pieces.
You spent 240 gold pieces at shops.

Inventory:

Hand Weapons
 d - the +7 dagger of the Singing Hawk (weapon) {flame, rElec Str+3 Int+4 Dex+2}
   (You found it on level 2 of the Dungeon)

   It burns those it strikes, dealing additional fire damage.
   Str:       It affects your strength (+3).
   Int:       It affects your intelligence (+4).
   Dex:       It affects your dexterity (+2).
   rElec:     It insulates you from electricity.
 h - a +0 flail
 o - the +10 war axe "Kagapnif" {spect, rC+ Int+7 Dex+3 Stlth-}
   (You found it on level 2 of the Dungeon)

   When its wielder attacks, the weapon's spirit leaps out and strikes again.
   The spirit shares a part of any damage it takes with its wielder.
   Int:       It affects your intelligence (+7).
   Dex:       It affects your dexterity (+3).
   rC:        It protects you from cold.
   Stlth:     It makes you less stealthy.
Missiles
 c - 6 throwing nets
 l - 2 boomerangs
 y - 4 curare-tipped darts
 H - 9 poisoned darts (quivered)
Armour
 p - a +0 leather armour
 D - a scarf of repulsion (worn)
 F - a +0 pair of boots of flying (worn)
 J - a +0 troll leather armour
 L - a +2 robe of cold resistance (worn)
Jewellery
 E - an amulet of faith
 K - a ring of ice
Wands
 w - a wand of charming (14)
 B - a wand of polymorph (5)
 G - a wand of iceblast (9)
Scrolls
 j - 2 scrolls of poison
 q - a scroll of magic mapping
 s - 2 scrolls of teleportation
 x - a scroll of summoning
 z - 4 scrolls of fear
 A - a scroll of brand weapon {unknown}
 C - a scroll of enchant weapon {unknown}
Potions
 b - 2 potions of magic
 e - a potion of mutation
 f - a potion of invisibility
 g - a potion of lignification
 i - a potion of berserk rage
 m - a potion of heal wounds
 n - a potion of ambrosia
 r - a potion of attraction
 t - a potion of curing
 u - a potion of flight {unknown}
 v - a potion of cancellation
 I - a potion of experience {unknown}


   Skills:
 + Level 2.4 Fighting
 + Level 2.2 Armour
 - Level 6.0 Dodging
 + Level 7.0 Stealth
 + Level 6.4 Spellcasting
 * Level 9.5 Conjurations
 + Level 2.4 Hexes
 * Level 9.2 Fire Magic


You had one spell level left.
You knew the following spells:

 Your Spells              Type           Power      Damage    Failure   Level
a - Foxfire               Conj/Fire      100%       2x1d9     1%          1
b - Scorch                Fire           98%        2d9       1%          2
c - Conjure Flame         Conj/Fire      50%        6-21      1%          3
d - Inner Flame           Hex/Fire       34%        N/A       2%          3
e - Flame Wave            Conj/Fire      50%        2d12      1%          4
f - Olgreb's Toxic Radia  Pois           7%         N/A       63%         4
g - Fulminant Prism       Conj/Hex       17%        3d11      7%          4

Your spell library contained the following spells:

 Spells                   Type           Power      Damage    Failure   Level
 Iskenderun's Mystic Bla  Conj/Tloc      29%        2d7       12%         4
 Ozocubu's Armour         Ice            7%         N/A       24%         3
 Lee's Rapid Deconstruct  Erth           3%         3d6*      92%         5
 Ozocubu's Refrigeration  Ice            3%         4d8       100%        7
 Ignition                 Fire           24%        3d8       100%        8


Dungeon Overview and Level Annotations

Branches:
Dungeon (11/15)            Temple (0/1) D:6            Lair (0/5) D:10
  Sewer (visited)          Bailey (visited)
    Orc: D:9-12

Altars:
Fedhas
Gozag
Ru
Trog
Yredelemnul
Jiyva

Shops:
D:3 (   D:8 ?!**[

Annotations:
D:11 Amaemon, Nergalle


Innate Abilities, Weirdness & Mutations

You have claws for hands.
You are mostly covered in sharp spines.
Your movements are less encumbered by armour. (ER -4)
You have a pair of small horns on your head.
Your system is resistant to poisons. (rPois)
Your muscles are strong. (Str +4, Int/Dex -1)
Your body has grown many eyes which may confuse attackers. (Acc +5)
Your translucent skin slightly reduces your foes' accuracy. (Stealth+)
You have a small jelly attached to you that senses nearby items.
You expend magic power (3 MP) to strengthen your wands.


Message History

Casting: Scorch (safe; 1% risk of failure)
Confirm with . or Enter, or press ? or * to list all spells.
Flames lash Nergalle but do no damage.
The spectral orc knight hits you with a +0 great mace!
You feel drained. Nergalle casts a spell at you.
Orcish apparitions take form around you.
An ogre mage comes into view. It is wielding a +0 halberd.
Casting: Scorch (safe; 1% risk of failure)
Confirm with . or Enter, or press ? or * to list all spells.
Flames lash the ogre mage.
The ogre mage is lightly wounded.
The ogre mage's fire resistance burns away.
The spectral orc knight is struck by your spines.
The spectral orc knight hits you with a +0 great mace!
You feel drained. The spectral orc misses you.
Casting: Scorch (safe; 1% risk of failure)
Confirm with . or Enter, or press ? or * to list all spells.
You conjure some foxfire!
The spectral orc knight is no longer more vulnerable to fire.
The ogre mage hits you from afar with a +0 halberd.
The spectral orc hits you with a +0 whip.
Your magical contamination has completely faded away.
You hit Nergalle but do no damage.
The foxfire hits the ogre mage but does no damage.
The ogre mage is lightly wounded.
Nergalle closely misses you.
The spectral orc hits you but does no damage.
You hit Nergalle but do no damage.
The ogre mage hits you from afar with a +0 halberd!
* * * LOW HITPOINT WARNING * * *
Nergalle is struck by your spines. Nergalle closely misses you.
The spectral orc barely misses you.
The ogre mage is no longer more vulnerable to fire.
The foxfire hits Nergalle but does no damage.
Nergalle is lightly wounded.
Nergalle gestures at the spectral orc while chanting.
The spectral orc seems to speed up.
The ogre mage is struck by your spines.
The ogre mage hits you with a +0 halberd!!
You die...

.# ♣♣.# ♣♣..
♣.♣♣♣♣..# .♣.....<#
♣.♣♣♣♣..###
♣.♣.♣♣♣...#########
♣.♣♣§♣♣♣..........#
♣♣.♣♣♣.@O...)......#
♣...♣♣oZ.#########.#
#..♣.Z.# ##.....#
###...# ##..# .....
##.### .#


You could see Nergalle, an ogre mage, a spectral orc (summoned, fast) and a
spectral orc knight (summoned, fast).

Vanquished Creatures
  Harold (D:10)
  A two-headed ogre (D:10)
  2 vault guards (Bailey)
  An orc knight (D:11)
  An orange demon (D:11)
  An unseen horror (D:11)
  A troll (D:10)
  2 hornets
  A vampire (D:9)
  6 yaks
  2 wraiths (D:10)
  Grum (D:10)
  4 humans (Bailey)
  Menkaure (D:5)
  Edmund (D:4)
  2 acid dragons
  A water moccasin (D:7)
  A sky beast (D:7)
  An ice beast (D:8)
  2 orc warriors
  2 centaurs
  3 wolves (D:10)
  2 phantoms
  3 kobold brigands
  10 bullfrogs
  A scorpion (D:5)
  3 wights (D:8)
  15 killer bees
  3 orc priests
  3 hounds (D:6)
  A hell rat (Sewer)
  8 adders
  2 gnolls
  4 river rats
  3 white imps
  An ufetubus (D:5)
  A worm (D:2)
  A dart slug (D:3)
  27 orcs
  5 ball pythons
  4 bats
  4 giant cockroaches
  3 goblins (D:2)
  6 hobgoblins
  5 jackals
  4 quokkas
  2 frilled lizards (D:1)
  19 kobolds
  8 rats
  2 foxfires (Bailey)
188 creatures vanquished.

Vanquished Creatures (collateral kills)
  Fannar (D:10)
  A two-headed ogre (D:10)
  A vampire (D:10)
  A shadow (D:9)
  An orc warrior (D:9)
  A centaur (D:9)
  An orc (D:9)
7 creatures vanquished.

Vanquished Creatures (others)
  3 centaurs
  A necrophage (D:6)
  2 scorpions
  6 killer bees
  A howler monkey (D:9)
  20 jellies
  2 hounds
  2 orc priests (D:9)
  Ijyb (D:4)
  2 iguanas
  4 orc wizards
  An adder (D:3)
  A worm (D:4)
  2 dart slugs (D:4)
  13 orcs
  2 giant cockroaches
  2 goblins (D:4)
  5 kobolds
  2 quokkas
  A rat (D:3)
  330 foxfires
  A fulminant prism (D:11)
  A fungus (D:10)
  49 plants (D:10)
454 creatures vanquished.

Grand Total: 649 creatures vanquished

Notes
Turn   | Place    | Note
-------+----------+-------------------------------------------
     0 | D:1      | booth the Demonspawn Fire Elementalist began the quest for
                  | the Orb.
     0 | D:1      | Reached XP level 1. HP: 13/13 MP: 3/3
   254 | D:1      | Gained mutation: You are partially covered in sharp spines.
                  | [demonic ancestry]
   254 | D:1      | Reached XP level 2. HP: 11/19 MP: 0/5
   257 | D:1      | Learned a level 2 spell: Scorch
   638 | D:1      | Found a faded altar of an unknown god.
   663 | D:1      | Prayed at the altar of an unknown god.
   663 | D:1      | Became a worshipper of Jiyva Jiowoudg the Shapeless
   663 | D:1      | Reached * piety under Jiyva
   827 | D:2      | Found a blossoming altar of Fedhas.
   949 | D:2      | Identified the +7 dagger of the Singing Hawk {flame, rElec
                  | Str+3 Int+4 Dex+2}
  1005 | D:2      | Gained mutation: You have sharp fingernails. [demonic
                  | ancestry]
  1005 | D:2      | Reached XP level 3. HP: 24/24 MP: 2/6
  1494 | D:2      | Reached ** piety under Jiyva
  1629 | D:2      | Identified the +10 war axe "Kagapnif" {spect, rC+ Int+7
                  | Dex+3 Stlth-}
  1905 | D:3      | Found Nouqoapp's Antique Weapon Shop.
  1926 | D:3      | Gained mutation: Your movements are slightly less
                  | encumbered by armour. (ER -2) [demonic ancestry]
  1926 | D:3      | Reached XP level 4. HP: 17/30 MP: 7/7
  2045 | D:3      | Found an opulent altar of Gozag.
  2318 | D:3      | Reached *** piety under Jiyva
  2366 | D:4      | Noticed a phantom
  2373 | D:4      | Noticed a centaur
  2386 | D:4      | Killed a centaur
  2387 | D:4      | Gained mutation: Your movements are less encumbered by
                  | armour. (ER -4) [demonic ancestry]
  2387 | D:4      | Reached XP level 5. HP: 33/35 MP: 8/8
  2395 | D:4      | Killed a phantom
  2399 | D:4      | Gained mutation: You have a pair of small horns on your
                  | head. [Jiyva's grace]
  2399 | D:4      | Gained mutation: You have a pair of horns on your head.
                  | [Jiyva's grace]
  2399 | D:4      | Gained mutation: You have a pair of large horns on your
                  | head. [Jiyva's grace]
  2399 | D:4      | Gained mutation: You have a small jelly attached to you
                  | that senses nearby items. [Jiyva's grace]
  2503 | D:4      | Found a glowing drain.
  2523 | D:4      | Reached XP level 6. HP: 35/41 MP: 10/10
  2535 | D:4      | Killed Ijyb
  2538 | Sewer    | Entered a sewer
  2810 | D:4      | Noticed Edmund
  2825 | D:4      | Killed Edmund
  2979 | D:5      | Entered Level 5 of the Dungeon
  3240 | D:5      | Reached **** piety under Jiyva
  3698 | D:5      | Noticed Menkaure
  3705 | D:5      | Killed Menkaure
  3706 | D:5      | Gained mutation: You are mostly covered in sharp spines.
                  | [demonic ancestry]
  3706 | D:5      | Reached XP level 7. HP: 27/46 MP: 8/11
  3923 | D:6      | Learned a level 3 spell: Conjure Flame
  3927 | D:6      | Learned a level 3 spell: Inner Flame
  3960 | D:6      | Found a staircase to the Ecumenical Temple.
  3999 | D:6      | Reached ***** piety under Jiyva
  4089 | D:6      | Found a basalt altar of Yredelemnul.
  4385 | D:7      | Gained mutation: Your muscles are strong. (Str +4, Int/Dex
                  | -1) [Jiyva's grace]
  4385 | D:7      | Gained mutation: Your muscles are very strong. (Str +8,
                  | Int/Dex -2) [Jiyva's grace]
  4385 | D:7      | Gained mutation: Your translucent skin slightly reduces
                  | your foes' accuracy. (Stealth+) [Jiyva's grace]
  4385 | D:7      | Gained mutation: Your translucent skin reduces your foes'
                  | accuracy. (Stealth+) [Jiyva's grace]
  4437 | D:7      | Reached skill level 5 in Fire Magic
  4449 | D:7      | Gained mutation: You have very sharp fingernails. [demonic
                  | ancestry]
  4449 | D:7      | Reached XP level 8. HP: 41/52 MP: 13/13
  4582 | D:7      | Learned a level 4 spell: Flame Wave
  4588 | D:7      | Found a flagged portal.
  4599 | Bailey   | Entered a bailey
  4615 | Bailey   | Reached skill level 5 in Conjurations
  4713 | Bailey   | Gained mutation: You have claws for hands. [demonic
                  | ancestry]
  4713 | Bailey   | Reached XP level 9. HP: 51/57 MP: 15/15
  4730 | Bailey   | Noticed Prince Ribbit
  4737 | Bailey   | Noticed a vault guard
  4747 | Bailey   | Slimified Prince Ribbit
  4747 | Bailey   | Noticed Prince Ribbit
  4747 | Bailey   | Prince Ribbit changed into Prince Ribbit the jelly
  4749 | Bailey   | Killed Prince Ribbit the jelly
  4763 | Bailey   | Killed a vault guard
  4764 | Bailey   | Reached skill level 5 in Stealth
  4815 | Bailey   | Noticed a vault guard
  4829 | Bailey   | Killed a vault guard
  4830 | Bailey   | Reached skill level 5 in Dodging
  4830 | Bailey   | Reached skill level 5 in Spellcasting
  5371 | D:8      | Found Okoasch's Armour Shoppe.
  5381 | D:8      | Found Afum's Assorted Antiques.
  5402 | D:8      | Found Ween's Distillery.
  5467 | D:8      | Reached XP level 10. HP: 63/63 MP: 17/17
  5484 | D:8      | Found Lola's Magic Scroll Shoppe.
  5564 | D:8      | Found Biuz's Assorted Antiques.
  5605 | D:8      | Bought a pair of runed boots for 210 gold pieces
  5644 | D:8      | Bought a scroll of identify for 30 gold pieces
  6197 | D:9      | Found a bloodstained altar of Trog.
  6360 | D:9      | Lost mutation: You have a pair of large horns on your head.
                  | [Jiyva's grace]
  6360 | D:9      | Lost mutation: You have a pair of horns on your head.
                  | [Jiyva's grace]
  6360 | D:9      | Lost mutation: Your muscles are very strong. (Str +8,
                  | Int/Dex -2) [Jiyva's grace]
  6360 | D:9      | Lost mutation: Your translucent skin reduces your foes'
                  | accuracy. (Stealth+) [Jiyva's grace]
  6360 | D:9      | Gained mutation: You expend magic power (3 MP) to
                  | strengthen your wands. [Jiyva's grace]
  6360 | D:9      | Gained mutation: Your system is resistant to poisons.
                  | (rPois) [Jiyva's grace]
  6360 | D:9      | Gained mutation: Your body has grown eyes which may confuse
                  | attackers. (Acc +3) [Jiyva's grace]
  6360 | D:9      | Gained mutation: Your body has grown many eyes which may
                  | confuse attackers. (Acc +5) [Jiyva's grace]
  6621 | D:9      | Identified the +1 scale mail of Tenacity {rC++ Int-4}
  6985 | D:9      | Learned a level 4 spell: Olgreb's Toxic Radiance
  7005 | D:10     | Entered Level 10 of the Dungeon
  7034 | D:10     | Noticed Grum
  7046 | D:10     | Killed Grum
  7193 | D:10     | Noticed a two-headed ogre
  7204 | D:10     | Killed a two-headed ogre
  7223 | D:10     | Reached skill level 1 in Fighting
  7223 | D:10     | Reached skill level 1 in Hexes
  7367 | D:10     | Reached skill level 1 in Armour
  7390 | D:10     | Noticed Fannar
  7432 | D:10     | Found a staircase to the Lair.
  7595 | D:10     | Reached XP level 11. HP: 70/70 MP: 16/20
  7607 | D:10     | Noticed Harold
  7621 | D:10     | Killed Harold
  7642 | D:10     | Found a sacrificial altar of Ru.
  7672 | D:10     | Noticed a two-headed ogre
  7679 | D:10     | Killed a two-headed ogre
  7785 | D:10     | Killed Fannar
  7887 | D:11     | Noticed Amaemon
  7914 | D:11     | Noticed a boulder beetle
  7974 | D:10     | Learned a level 4 spell: Fulminant Prism
  8030 | D:11     | Noticed an orc knight
  8043 | D:11     | Killed an orc knight
  8062 | D:11     | Noticed Nergalle
  8070 | D:11     | Noticed an ogre mage
  8075 | D:11     | Slain by an ogre mage

Illustrated notes

Levels and vault maps discovered:
D:1:      dpeg_arrival_stone_temple_mockup, layout_rooms,
          shapermc_ecumenical_altar_venn
D:2:      layout_basic, basic_altar, minmay_circle_x
D:3:      layout_rooms, grunt_gozag_breadcrumbs, serial_shops, shop_statue
D:4:      layout_rooms, portal_sewer_entry_e, uniq_ijyb, uniq_edmund
D:5:      layout_basic, uniq_menkaure
D:6:      layout_cave_pools, overflow_temple_1_default, minmay_temple_entry_mist
D:7:      layout_loops_ring, enter_bailey_2, corexii_corridor_pit
D:8:      layout_basic, serial_shops, nicolae_take_the_stairs, shop,
          nicolae_stop_n_shop_1, nicolae_shop_hallway_stairs, shop_statue
D:9:      layout_loops_ring, trog_book
D:10:     layout_roguey, nicolae_ru_the_path_less_chosen, dpeg_oklobed_lair,
          serial_bayou_lagoon_a, uniq_harold, uniq_grum, uniq_fannar
D:11:     layout_small_grid, kb_rosetta, uniq_lodul, uniq_nergalle, uniq_amaemon

Skill      XL: |  1  2  3  4  5  6  7  8  9 10 11 |
---------------+----------------------------------+-----
Dodging        | 2 3 4 5 6 |  6.0
Stealth        | 2 3 4 5 6 7 |  7.0
Fire Magic     | 3 4 5 6 7 8 9 |  9.2
Conjurations   | 2 3 4 6 7 9 |  9.5
Spellcasting   | 3 4 5 6 |  6.4
Fighting       | 1 2 |  2.4
Hexes          | 1 2 |  2.4
Armour         | 1 2 |  2.2

Action                   |  1- 3 |  4- 6 |  7- 9 | 10-12 || total
-------------------------+-------+-------+-------+-------++-------
Melee: Unarmed           |     5 |       |       |       ||     5
       Dagger            |    13 |    50 |    66 |    72 ||   201
       Headbutt          |       |     5 |    16 |    13 ||    34
       Punch             |       |       |     1 |     4 ||     5
Throw: Dart              |       |       |       |     2 ||     2
 Cast: Foxfire           |    43 |    45 |    51 |    48 ||   187
       Scorch            |     1 |     9 |    19 |    45 ||    74
       Flame Wave        |       |       |       |     2 ||     2
       Fulminant Prism   |       |       |       |     1 ||     1
Invok: Oozemancy         |       |       |     2 |     1 ||     3
       Slimify           |       |       |     1 |       ||     1
Evoke: Wand              |       |       |       |     1 ||     1
  Use: Scroll            |     7 |     1 |     2 |     3 ||    13
       Potion            |       |     5 |     1 |       ||     6
 Stab: Confused          |       |       |       |     3 ||     3
       Distracted        |       |       |       |     1 ||     1
       Sleeping          |       |       |       |     1 ||     1
Armor: Robe              |     3 |     3 |     5 |     9 ||    20
       Troll leather arm |       |       |       |     3 ||     3
Dodge: Dodged            |    20 |    36 |    48 |    69 ||   173
